[Event "Early-Titled-Tuesday-Blitz-September-26-2023"]
[Site "Chess.com"]
[Date "2023.09.26"]
[Round "8"]
[White "Gabix_94"]
[Black "MKlose11"]
[Result "1-0"]
[WhiteElo "2715"]
[BlackElo "2604"]
[TimeControl "180+1"]
[EndTime "9:27:05 PDT"]
[Termination "Gabix_94 won by checkmate"]

1. d4 Nf6 2. Nc3 d5 3. Bf4 e6 4. Nb5 Na6 5. e3 c6 6. Nc3 Be7 7. h4 Nc7 8. Nf3 b6 9. Ne5 Bb7 10. Bd3 c5 11. Qf3 Rb8 12. dxc5 bxc5 13. O-O-O O-O 14.
h5 Qc8 15. Qg3 Kh8 16. h6 g6 17. Nxf7+ Rxf7 18. Bxc7 Ra8 19. Be5 c4 20. Be2 Kg8 21.
Rd4 Nd7 22. Bg7 Qb8 23. f4 Bf6 24. Bg4 Qd6 25. Ne4 Qb6 26. Nxf6+ Nxf6 27. f5 exf5 28.
Bxf5 Ne8 29. Bg4 Nxg7 30. hxg7 Rxg7 31. Qe5 Rf8 32. Be6+ Kh8 33. Rxh7+ Kxh7 34. Rh4# 1-0

[Event "Early-Titled-Tuesday-Blitz-September-26-2023"]
[Site "Chess.com"]
[Date "2023.09.26"]
[Round "8"]
[White "Manukyan_Artak"]
[Black "DanielTitichoca"]
[Result "1-0"]
[WhiteElo "2428"]
[BlackElo "2535"]
[TimeControl "180+1"]
[EndTime "9:27:07 PDT"]
[Termination "Manukyan_Artak won by checkmate"]

1. e4 e5 2. Nf3 Nc6 3. d4 exd4 4. Nxd4 Nf6 5. Nxc6 bxc6 6. e5 Qe7 7. Qe2 Nd5 8.
c4 Ba6 9. b3 g6 10. g3 Bg7 11.
Bb2 O-O 12. Bg2 f6 13. e6 dxe6 14. O-O Rad8 15. Re1 e5 16. Ba3 c5 17. Bxd5+ Rxd5 18. Qe3 Rd4 19. Qxd4 cxd4 20. Bxe7 Rd8 21. Bb4 f5 22. Na3 e4 23. Rad1 Bh6 24. Nb5 Bxb5 25. cxb5 e3 26. fxe3 d3 27. Kf2 Rd5 28. a4 Bg7 29.
Rd2 g5 30. Red1 f4 31. Rxd3 fxe3+ 32. Kxe3 Re5+ 33. Kf3 h5 34. Rd8+ Kh7 35. R8d7 Kg6 36. Rxg7+ Kxg7 37. Bc3 Kg6 38. Bxe5 c5 39. bxc6 a5 40.
c7 g4+ 41. Ke4 h4 42. c8=Q h3 43. Qxg4+ Kf7 44. Rd7+ Ke8 45. Qe6+ Kf8 46. Qf7# 1-0

[Event "Early-Titled-Tuesday-Blitz-September-26-2023"]
[Site "Chess.com"]
[Date "2023.09.26"]
[Round "8"]
[White "ArtemDyachuk"]
[Black "xxysoul6"]
[Result "0-1"]
[WhiteElo "2698"]
[BlackElo "3009"]
[TimeControl "180+1"]
[EndTime "9:27:08 PDT"]
[Termination "xxysoul6 won by resignation"]

1. e4 e6 2. d4 d5 3. e5 c5 4. c3 Nc6 5. Nf3 Bd7 6. Be2 Nge7 7.
Na3 cxd4 8. cxd4 Nf5 9. Nc2 Be7 10. O-O O-O 11. Rb1 Rc8 12. b4 a6 13. a4 Nh4 14.
Nxh4 Bxh4 15. Be3 Re8 16. Ne1 Be7 17. Nd3 Bf8 18. f4 a5 19. b5 Nb4 20. Rb2 Nxd3 21. Bxd3 Qb6 22. Qg4 Rc3 23. Rd1 Rec8 24. h4 Ra3 25.
Rf2 Rcc3 26. Qe2 Rxa4 27. Rdf1 Raa3 28. f5 Rxd3 29. fxe6 Bxe6 30. Qh5 g6 31. Qg5 Rxe3 32. h5 Rg3 33. Qf6 Qxd4 34. hxg6 0-1

[Event "Early-Titled-Tuesday-Blitz-September-26-2023"]
[Site "Chess.com"]
[Date "2023.09.26"]
[Round "8"]
[White "Witik"]
[Black "Elprofessor21"]
[Result "0-1"]
[WhiteElo "2741"]
[BlackElo "2644"]
[TimeControl "180+1"]
[EndTime "9:27:09 PDT"]
[Termination "Elprofessor21 won by resignation"]

1. d4 Nf6 2. c4 g6 3. Nc3 Bg7 4. e4 O-O 5. Nf3 d6 6. Be2 c5 7.
d5 Bg4 8. O-O Nbd7 9. h3 Bxf3 10.
Bxf3 a6 11. a4 Ne8 12. h4 h5 13. g3 Nc7 14. Kg2 b5 15. axb5 axb5 16. Rxa8 Qxa8 17. cxb5 Rb8 18. Be2 Bxc3 19. bxc3 Nxb5 20. Qc2 Nc7 21. Bg5 e6 22. c4 exd5 23. exd5 Re8 24. f4 Ne6 25.
Bd3 Nd4 26. Qf2 Qa3 27. Bb1 Re2 0-1

[Event "Early-Titled-Tuesday-Blitz-September-26-2023"]
[Site "Chess.com"]
[Date "2023.09.26"]
[Round "8"]
[White "ashookk"]
[Black "Katuducha"]
[Result "0-1"]
[WhiteElo "2230"]
[BlackElo "2207"]
[TimeControl "180+1"]
[EndTime "9:27:10 PDT"]
[Termination "Katuducha won by resignation"]

1. Nf3 Nf6 2. c4 c5 3. Nc3 Nc6 4. d4 cxd4 5. Nxd4 e5 6. Ndb5 Bb4 7. Bg5 O-O 8. a3 Bxc3+ 9. Nxc3 h6 10. Bxf6 Qxf6 11.
Nd5 Qd8 12. e3 d6 13. Be2 Be6 14. O-O Ne7 15. Bf3 Rc8 16. Rc1 Bxd5 17. Bxd5 b6 18. f4 exf4 19. exf4 Rc5 20. b4 Nxd5 21. bxc5 Ne3 22.
Qxd6 Nxf1 23. Rxf1 bxc5 24. Qxc5 Qd7 25. f5 Rc8 26.
Qe5 Rxc4 27. f6 Qd4+ 28. Qxd4 Rxd4 29. fxg7 Rd3 30. Rf3 Rxf3 31. gxf3 Kxg7 32. Kg2 Kf6 33. Kf2 Ke5 34. Ke3 f5 35. f4+ Kd5 36. Kd3 h5 37. h4 a6 38. Ke3 Kc4 39. a4 a5 40. Kd2 Kd4 0-1

[Event "Early-Titled-Tuesday-Blitz-September-26-2023"]
[Site "Chess.com"]
[Date "2023.09.26"]
[Round "8"]
[White "Jagerrmeisterr"]
[Black "BogdanDeac"]
[Result "1-0"]
[WhiteElo "2718"]
[BlackElo "2941"]
[TimeControl "180+1"]
[EndTime "9:27:15 PDT"]
[Termination "Jagerrmeisterr won on time"]

1. e4 c6 2. Nc3 d5 3. Nf3 dxe4 4.
Nxe4 Nf6 5. Qe2 Na6 6. c3 Qd5 7. d3 Bf5 8. c4 Qd8 9. Bd2 e6 10.
a3 Nc5 11. Nxc5 Bxc5 12. Bc3 O-O 13. O-O-O b5 14. Ne5 Bd6 15. g4 Bxe5 16. Qxe5 Bxg4 17. Rg1 1-0

[Event "Early-Titled-Tuesday-Blitz-September-26-2023"]
[Site "Chess.com"]
[Date "2023.09.26"]
[Round "8"]
[White "Staudenhocker43"]
[Black "stepanosinovsky"]
[Result "1-0"]
[WhiteElo "2567"]
[BlackElo "2359"]
[TimeControl "180+1"]
[EndTime "9:27:16 PDT"]
[Termination "Staudenhocker43 won on time"]

1. e4 e5 2. Nf3 Nc6 3. Bb5 a6 4.
Ba4 Nf6 5. O-O Be7 6. d3 b5 7.
Bb3 O-O 8. Nc3 Bb7 9. h3 Kh8 10. a4 b4 11. Nd5 Nxd5 12. Bxd5 f5 13. exf5 Rxf5 14. Be4 Rf8 15. Nxe5 Nxe5 16. Bxb7 Ra7 17. Be4 d5 18. d4 dxe4 19. dxe5 1-0

[Event "Early-Titled-Tuesday-Blitz-September-26-2023"]
[Site "Chess.com"]
[Date "2023.09.26"]
[Round "8"]
[White "Mikhail_Bryakin"]
[Black "astralpulse"]
[Result "0-1"]
[WhiteElo "2827"]
[BlackElo "2669"]
[TimeControl "180+1"]
[EndTime "9:27:17 PDT"]
[Termination "astralpulse won by resignation"]

1. e4 e5 2. d4 Nc6 3. dxe5 Nxe5 4. Nf3 Nxf3+ 5. Qxf3 Qf6 6. Qxf6 Nxf6 7. f3 d5 8.
e5 Nd7 9. f4 c6 10. Nc3 Bc5 11.
Bd2 O-O 12. Bd3 Nb6 13. O-O-O f6 14. exf6 Rxf6 15. Rde1 Bf5 16. Rhf1 Raf8 17. g3 Bh3 18. Rf3 Bg2 19. Rff1 Bxf1 20. Rxf1 Re8 21. Kd1 Nc4 22. Bc1 b5 23. Ne2 Rfe6 24. b3 Ne3+ 25. Bxe3 Rxe3 26.
Kd2 Bb4+ 27. Kd1 a6 28. Rf2 c5 29. Bf5 R8e7 30. Bh3 d4 31. Bf5 c4 32. a3 Bc3 33.
g4 Ba5 34. b4 Bb6 35. g5 d3 36. cxd3 cxd3 37. Nc3 Re1+ 0-1

[Event "Early-Titled-Tuesday-Blitz-September-26-2023"]
[Site "Chess.com"]
[Date "2023.09.26"]
[Round "8"]
[White "cristiano78"]
[Black "Predator0608"]
[Result "0-1"]
[WhiteElo "2254"]
[BlackElo "2475"]
[TimeControl "180+1"]
[EndTime "9:27:23 PDT"]
[Termination "Predator0608 won by resignation"]

1. d4 Nf6 2. c4 e6 3. Nf3 d5 4.
Nc3 Be7 5. Bg5 h6 6. Bh4 O-O 7. Rc1 Nbd7 8. e3 dxc4 9. Bxc4 b6 10. O-O Bb7 11. Qe2 c5 12. Ba6 Qc8 13. Bxb7 Qxb7 14. Rfd1 Rac8 15. a4 Rfd8 16. Bg3 Nd5 17.
Nxd5 exd5 18. b3 Nf6 19. h3 Ne4 20. Bh2 cxd4 21. Rxc8 Rxc8 22. Rxd4 Rc1+ 23. Ne1 Bc5 24.
Rd1 Nc3 25. Qd2 Rxd1 26. Qxc3 d4 27. exd4 Bxd4 28. Qb4 a5 0-1

[Event "Early-Titled-Tuesday-Blitz-September-26-2023"]
[Site "Chess.com"]
[Date "2023.09.26"]
[Round "8"]
[White "CSB7"]
[Black "TatjanaVasilevich"]
[Result "1-0"]
[WhiteElo "2731"]
[BlackElo "2571"]
[TimeControl "180+1"]
[EndTime "9:27:24 PDT"]
[Termination "CSB7 won by checkmate"]

1. e4 c5 2. Nf3 e6 3. d4 cxd4 4. Nxd4 a6 5. Nc3 Qc7 6. a3 Nf6 7. f4 d6 8. Qf3 Nc6 9. Be3 Be7 10. O-O-O Bd7 11. g4 Na5 12. g5 Ng8 13. h4 Nc4 14. Bxc4 Qxc4 15. Kb1 b5 16. Nb3 Rc8 17. Bd4 f6 18. h5 b4 19. axb4 Qxb4 20. h6 g6 21. f5 exf5 22. Nd5 Qb7 23. gxf6 fxe4 24. f7+ Kd8 25.
f8=Q+ Bxf8 26. Qxf8+ Be8 27. Qxd6+ Bd7 28. Qf8+ Be8 29.
Bb6+ Kd7 30. Nf6+ Kc6 31. Qc5# 1-0

[Event "Early-Titled-Tuesday-Blitz-September-26-2023"]
[Site "Chess.com"]
[Date "2023.09.26"]
[Round "8"]
[White "MaxLeto"]
[Black "Aleksandar-Topalov"]
[Result "1-0"]
[WhiteElo "2515"]
[BlackElo "2390"]
[TimeControl "180+1"]
[EndTime "9:27:27 PDT"]
[Termination "MaxLeto won by resignation"]

1. g4 d5 2. Bg2 c6 3. h3 e5 4.
d4 h5 5. dxe5 hxg4 6. Nc3 Bb4 7.
Qd4 Bxc3+ 8. Qxc3 Ne7 9. hxg4 Rxh1 10. Bxh1 Bxg4 11. Qg3 Bf5 12. Qxg7 Bxc2 13. Nf3 Be4 14. Ng5 Bxh1 15. Qxf7+ Kd7 16. Qe6+ Kc7 17. Qh3 Be4 18.
Ne6+ 1-0

[Event "Early-Titled-Tuesday-Blitz-September-26-2023"]
[Site "Chess.com"]
[Date "2023.09.26"]
[Round "8"]
[White "Cheer_Down"]
[Black "ZeGood_ZeBad_ZeUgly"]
[Result "1-0"]
[WhiteElo "2472"]
[BlackElo "2302"]
[TimeControl "180+1"]
[EndTime "9:27:28 PDT"]
[Termination "Cheer_Down won by resignation"]

1. e4 c5 2. Nf3 d6 3. Bb5+ Nc6 4. O-O Bd7 5. Re1 a6 6. Bf1 g6 7. c3 Bh6 8. d4 Bxc1 9. Qxc1 cxd4 10. cxd4 Rc8 11.
Nc3 Bg4 12. Qe3 Nf6 13. d5 Nb4 14. Nd4 e5 15. dxe6 Bxe6 16. Qh6 Ng4 17. Qf4 O-O 18.
Nxe6 fxe6 19. Qxg4 Nc2 20. Qxe6+ Kh8 21. Rad1 Nxe1 22.
Rxe1 Qb6 23. Re2 Rce8 24. Qb3 Qd4 25. Qd5 Qb6 26. Rd2 Rf6 27. Qd4 Qd8 28. Nd5 1-0

[Event "Early-Titled-Tuesday-Blitz-September-26-2023"]
[Site "Chess.com"]
[Date "2023.09.26"]
[Round "8"]
[White "SAInt_666"]
[Black "TimofeevAr"]
[Result "1-0"]
[WhiteElo "2690"]
[BlackElo "2856"]
[TimeControl "180+1"]
[EndTime "9:27:30 PDT"]
[Termination "SAInt_666 won by resignation"]

1. e4 e6 2. d4 d5 3. e5 c5 4. c3 Qb6 5. Nf3 Nc6 6. a3 f6 7.
Bd3 fxe5 8. Nxe5 Nf6 9. O-O cxd4 10. cxd4 Bd6 11. Nxc6 bxc6 12. Nc3 O-O 13. Re1 Qc7 14. h3 e5 15. dxe5 Bxe5 16. Bg5 h6 17. Be3 Kh8 18.
Ne2 Bxb2 19. Ra2 Be5 20. Rc2 Bd7 21. Qc1 Kg8 22. Nd4 Rac8 23. Ba6 Bxd4 24. Bxd4 Rce8 25. Bd3 Rxe1+ 26. Qxe1 Re8 27. Re2 Rxe2 28. Qxe2 Qd6 29. Qe3 Qxa3 30. Bh7+ Kxh7 31. Qxa3 1-0

[Event "Early-Titled-Tuesday-Blitz-September-26-2023"]
[Site "Chess.com"]
[Date "2023.09.26"]
[Round "8"]
[White "SharapovEvgeny"]
[Black "MasterKroket"]
[Result "0-1"]
[WhiteElo "2580"]
[BlackElo "2449"]
[TimeControl "180+1"]
[EndTime "9:27:32 PDT"]
[Termination "MasterKroket won by resignation"]

1. e4 e5 2. Nf3 Nc6 3. Bb5 a6 4. Ba4 Nf6 5. d3 b5 6. Bb3 Be7 7. a4 Rb8 8. Nc3 O-O 9. O-O d6 10. h3 b4 11. Nd5 Na5 12. Ba2 c6 13.
Nxe7+ Qxe7 14. Re1 h6 15. c3 c5 16. d4 b3 17. Bb1 c4 18. d5 Kh7 19. Nh2 g5 20. Ng4 Nxg4 21. hxg4 Kg6 22. f3 Rh8 23. Kf2 Bd7 24.
Rh1 h5 25. gxh5+ Rxh5 26. Rxh5 Kxh5 27. f4+ Bg4 28. Qh1+ Kg6 29. f5+ Kg7 30. Qh2 Rh8 31. Qg3 Rh4 32. Be3 Qd8 33. Ra3 f6 34. Ra1 Bh5 35. Ra3 Rg4 36. Qh3 Qh8 37. Ra1 Rh4 38. Qg3 Bg4 39. Bb6 Nb7 40. a5 Qh5 41. Ra4 Bd1 42. Qe3 Rf4+ 43. Ke1 Qh1+ 44. Kd2 Qxg2+ 45. Kxd1 Rf1+ 46. Qe1 Rxe1+ 47. Kxe1 Qxb2 0-1

[Event "Early-Titled-Tuesday-Blitz-September-26-2023"]
[Site "Chess.com"]
[Date "2023.09.26"]
[Round "8"]
[White "melissa_guez"]
[Black "nicholas_ilic"]
[Result "0-1"]
[WhiteElo "2084"]
[BlackElo "2233"]
[TimeControl "180+1"]
[EndTime "9:27:35 PDT"]
[Termination "nicholas_ilic won by checkmate"]

1. e4 c5 2. Nf3 Nc6 3. d4 cxd4 4. Nxd4 g6 5. c4 Bg7 6. Be3 Nf6 7. Nc3 Ng4 8. Qxg4 Nxd4 9. Qd1 e5 10. Bd3 O-O 11. O-O d6 12. f4 f5 13. Bxd4 exd4 14. Nd5 Be6 15. Kh1 fxe4 16. Bxe4 Bxd5 17.
Bxd5+ Kh8 18. Qd3 Qf6 19. Rae1 Rae8 20. g3 b6 21. b3 Qf5 22. Be4 Qh3 23. Bg2 Qh5 24. Bf3 Qa5 25. Re2 Rxe2 26. Qxe2 Qc3 27. Qe7 d3 28. Qxd6 d2 29. Kg2 Re8 30. Rd1 Bd4 31. Bd5 Qe3 32. Bf7 Qe2+ 33. Kh3 Qh5+ 34. Kg2 Re2+ 35. Kf1 Qf3# 0-1

[Event "Early-Titled-Tuesday-Blitz-September-26-2023"]
[Site "Chess.com"]
[Date "2023.09.26"]
[Round "8"]
[White "maurovargas01"]
[Black "Ariadna_Atreides"]
[Result "0-1"]
[WhiteElo "1892"]
[BlackElo "2194"]
[TimeControl "180+1"]
[EndTime "9:27:37 PDT"]
[Termination "Ariadna_Atreides won on time"]

1. e4 c6 2. d4 d5 3. e5 Bf5 4.
g4 Bd7 5. f4 e6 6. h4 c5 7. c3 Nc6 8. h5 Qb6 9. Nf3 O-O-O 10.
Bg2 f6 11. O-O g6 12. Kh2 gxh5 13. gxh5 fxe5 14. fxe5 Bh6 15. Ng5 Bxg5 16. Bxg5 Nge7 17. Rf7 Rde8 18. Bf6 Rhg8 19. Rxh7 Qxb2 20. Nd2 Qxc3 21.
Rc1 Qg3+ 0-1

[Event "Early-Titled-Tuesday-Blitz-September-26-2023"]
[Site "Chess.com"]
[Date "2023.09.26"]
[Round "8"]
[White "BlitzWizard04"]
[Black "scarabee43"]
[Result "0-1"]
[WhiteElo "2642"]
[BlackElo "2794"]
[TimeControl "180+1"]
[EndTime "9:27:43 PDT"]
[Termination "scarabee43 won by resignation"]

1. e4 c5 2. Nf3 e6 3. d4 cxd4 4. Nxd4 Nc6 5. Nc3 Qc7 6. g3 a6 7. Bg2 Nf6 8. O-O Nxd4 9. Qxd4 Bc5 10. Bf4 d6 11. Qd2 h6 12. Rad1 e5 13. Be3 Be6 14. Bxc5 dxc5 15. Nd5 Bxd5 16. exd5 Qd6 17. Rfe1 O-O-O 18. c4 Rhe8 19. Qc3 Kb8 20. a3 Nd7 21. Bh3 Nb6 22. b3 g6 23. Qd2 f5 24. Bg2 h5 25. Qg5 Nd7 26. b4 e4 27. Rb1 Ne5 28.
bxc5 Qxc5 29. Qf6 Qxf2+ 30. Kh1 Ka7 31. Rxe4 Rf8 32. Qe7 Rf7 33. Qxd8 fxe4 34. Qb6+ Qxb6 0-1

[Event "Early-Titled-Tuesday-Blitz-September-26-2023"]
[Site "Chess.com"]
[Date "2023.09.26"]
[Round "8"]
[White "SaqoChess_Twitch"]
[Black "Herman-NY"]
[Result "1-0"]
[WhiteElo "2668"]
[BlackElo "2494"]
[TimeControl "180+1"]
[EndTime "9:27:44 PDT"]
[Termination "SaqoChess_Twitch won by resignation"]

1. d4 Nf6 2. c4 g6 3. Nc3 Bg7 4. e4 d6 5. Nf3 O-O 6. Be2 Nbd7 7. O-O e5 8. dxe5 dxe5 9. h3 c6 10.
Be3 Qe7 11. Qc2 Nh5 12. Rfd1 Nf4 13. Bf1 Ne6 14. Ne2 f5 15. a3 a5 16. Bd2 fxe4 17. Qxe4 Ndc5 18. Qc2 e4 19. Nh2 Qf6 20. Be3 Qxb2 21.
Ra2 Qxc2 22. Rxc2 h5 23. g4 Bd7 24. Bg2 Rad8 25. gxh5 gxh5 26. Rcd2 b6 27. Ng3 Bc8 28.
Nxe4 Rxd2 29. Rxd2 Nxe4 30. Bxe4 c5 31. Rd6 Nd4 32.
Rxb6 Bxh3 33. f4 Ne2+ 34. Kf2 Nxf4 35. Kg3 Ne2+ 36. Kxh3 Be5 37. Nf3 Bf4 38. Bd5+ Kh7 39. Bxc5 Rf5 40. Be4 1-0

[Event "Early-Titled-Tuesday-Blitz-September-26-2023"]
[Site "Chess.com"]
[Date "2023.09.26"]
[Round "8"]
[White "sonicdravise"]
[Black "AlmasRakhmatullaev"]
[Result "0-1"]
[WhiteElo "2646"]
[BlackElo "2780"]
[TimeControl "180+1"]
[EndTime "9:27:48 PDT"]
[Termination "AlmasRakhmatullaev won by resignation"]

1. d4 Nf6 2. c4 g6 3. Nc3 Bg7 4. e4 d6 5. Nf3 O-O 6. Be2 Nbd7 7.
O-O e5 8. Be3 Ng4 9. Bg5 f6 10.
Bd2 c6 11. h3 Nh6 12. Be3 Nf7 13.
Qc2 Qe7 14. Rad1 Re8 15. Rfe1 Nf8 16. b4 Bd7 17. c5 dxc5 18. dxc5 Rad8 19. Nd2 f5 20.
exf5 gxf5 21. Nc4 Be6 22. Nd6 Nxd6 23. cxd6 Qh4 24. Bxa7 Qxb4 25. Rb1 Qxd6 26. Rxb7 e4 27. Rd1 Qe5 28. Na4 f4 29. Bf1 f3 30. g3 Qh5 31.
Rxd8 Rxd8 32. Qxe4 Rd1 33. Rxg7+ Kxg7 34. Bd4+ Kg8 35.
g4 Qxh3 36. Qxe6+ Nxe6 0-1

[Event "Early-Titled-Tuesday-Blitz-September-26-2023"]
[Site "Chess.com"]
[Date "2023.09.26"]
[Round "8"]
[White "Iball95"]
[Black "jcibarra"]
[Result "0-1"]
[WhiteElo "2783"]
[BlackElo "2953"]
[TimeControl "180+1"]
[EndTime "9:27:51 PDT"]
[Termination "jcibarra won by resignation"]

1. e4 c5 2. Nf3 Nc6 3. Nc3 Nf6 4.
Bb5 Qc7 5. O-O Nd4 6. Re1 Ng4 7. e5 Nxf3+ 8. Qxf3 Nxe5 9. Qh5 Nc6 10. Nd5 Qd8 11. d4 Nxd4 12. Bf4 Nxb5 13. Rxe7+ Bxe7 14. Re1 O-O 15. Nxe7+ Kh8 16. Re3 d6 17. Nxc8 Re8 18. Kf1 Rxe3 19.
Bxe3 0-1

[Event "Early-Titled-Tuesday-Blitz-September-26-2023"]
[Site "Chess.com"]
[Date "2023.09.26"]
[Round "8"]
[White "Alexander_Donchenko"]
[Black "OparinGrigoriy"]
[Result "1-0"]
[WhiteElo "2821"]
[BlackElo "2948"]
[TimeControl "180+1"]
[EndTime "9:27:58 PDT"]
[Termination "Alexander_Donchenko won by resignation"]

1. e4 c5 2. Nf3 e6 3. g3 Nc6 4. Bg2 Nf6 5. Qe2 e5 6. O-O Be7 7. d3 O-O 8. Na3 d6 9. Nc4 Re8 10. a4 Bf8 11. c3 h6 12. Rd1 Rb8 13. h3 a6 14. a5 Be6 15. Nfd2 d5 16. exd5 Nxd5 17. Kh2 Qc7 18. Nf3 f6 19. Nh4 Rbd8 20. Be4 Nce7 21. Ng6 Nxg6 22. Bxg6 Bf7 23. Be4 g6 24.
Bd2 f5 25. Bg2 Bg7 26. Re1 Re7 27. Rac1 Rde8 28. b4 cxb4 29. cxb4 Qd8 30. Qf1 e4 31. dxe4 fxe4 32. Red1 Rd7 33. Ne3 Nf4 34. Bc3 Nd3 35. Bxg7 Nxc1 36. Rxd7 Qxd7 37. Bxh6 Nd3 38. Qa1 Be6 39. Bxe4 Kh7 40. Bxd3 Kxh6 41. Bf1 Rd8 42.
Qf6 Qd6 43. h4 Rf8 44. Nf5+ 1-0

[Event "Early-Titled-Tuesday-Blitz-September-26-2023"]
[Site "Chess.com"]
[Date "2023.09.26"]
[Round "8"]
[White "Djager97"]
[Black "quvnoq_muxlis"]
[Result "0-1"]
[WhiteElo "2556"]
[BlackElo "2792"]
[TimeControl "180+1"]
[EndTime "9:27:59 PDT"]
[Termination "quvnoq_muxlis won by resignation"]

1. e4 c5 2. Nf3 Nc6 3. Bb5 e6 4. O-O Nge7 5. d4 cxd4 6. Nxd4 a6 7. Be2 Qc7 8. c4 Ng6 9. Nc3 Bc5 10. Nxc6 bxc6 11.
Rb1 a5 12. a3 e5 13. g3 O-O 14. h4 h6 15. h5 Ne7 16. Qd3 Qa7 17. Bd2 d6 18. Kg2 f5 19. f4 Bd4 20. Bf3 Ba6 21. exf5 d5 22. b3 e4 23. Qxd4 Qxd4 0-1

[Event "Early-Titled-Tuesday-Blitz-September-26-2023"]
[Site "Chess.com"]
[Date "2023.09.26"]
[Round "8"]
[White "s_stefi"]
[Black "rose107"]
[Result "0-1"]
[WhiteElo "1953"]
[BlackElo "2081"]
[TimeControl "180+1"]
[EndTime "9:28:00 PDT"]
[Termination "rose107 won on time"]

1. e4 c5 2. Nf3 Nc6 3. d4 cxd4 4. Nxd4 Nf6 5. Nc3 e5 6. Ndb5 d6 7. Bg5 a6 8. Na3 b5 9. Nd5 Be7 10. Bxf6 Bxf6 11. c3 O-O 12. Nc2 Bg5 13. h4 Bh6 14. g4 Bf4 15. Qf3 Be6 16. Nxf4 Qf6 17. Be2 exf4 18.
O-O-O Ne5 19. g5 Qg6 20. Qxf4 Bxa2 21. Nb4 Bb3 22. Rdg1 a5 23. Nd5 Bxd5 24. exd5 Nd3+ 25. Bxd3 Qxd3 26. h5 b4 27. Qd4 Qe2 28. h6 Qe5 29. Qxe5 dxe5 30. hxg7 Kxg7 31. Re1 Rfe8 32.
Kc2 Rad8 33. Rd1 Re7 34. Rh6 Red7 35. Rdh1 Rxd5 36. Rxh7+ Kg6 37. R7h6+ Kxg5 38. R1h5+ Kg4 39. Rh4+ Kf3 40. Rf6+ Kg2 41. Rxf7 Rd2+ 42. Kb3 Rxf2 43. Rg4+ Kf1 44. Rxf2+ Kxf2 45. Re4 bxc3 46. bxc3 Rd5 47. Ka4 Kf3 0-1

[Event "Early-Titled-Tuesday-Blitz-September-26-2023"]
[Site "Chess.com"]
[Date "2023.09.26"]
[Round "8"]
[White "skkeyan1309"]
[Black "Bilan_Danila"]
[Result "1-0"]
[WhiteElo "2722"]
[BlackElo "2527"]
[TimeControl "180+1"]
[EndTime "9:28:02 PDT"]
[Termination "skkeyan1309 won by resignation"]

1. d4 d5 2. c4 c6 3. Nf3 Nf6 4. e3 e6 5. Nc3 Nbd7 6. Qc2 Bd6 7. b3 a6 8. Be2 O-O 9. Bb2 e5 10. cxd5 cxd5 11. dxe5 Nxe5 12. O-O Nxf3+ 13. Bxf3 Be6 14. Rfd1 Rc8 15. Qd3 Be5 16. Na4 Bxb2 17. Nxb2 Qa5 18. Qd2 Qxd2 19. Rxd2 g6 20. Na4 b5 21.
Nb6 Rc5 22. Rad1 Rb8 23. Nxd5 Bxd5 24. Bxd5 Nxd5 25. Rxd5 Rc2 26. R5d2 Rbc8 27. f3 Kf8 28. Kf2 Ke7 29. Ke2 h5 30. Rxc2 Rxc2+ 31. Rd2 Rc3 32. h4 Rc1 33. e4 Ra1 34. Ke3 Rc1 35. Kf4 Rh1 36. Kg5 Ra1 37. g4 hxg4 38. fxg4 Rg1 39. e5 Re1 40. h5 gxh5 41. gxh5 Rxe5+ 42. Kh6 Kf8 43. Rd8+ Ke7 44. Ra8 Re6+ 45. Kg7 Re5 46. h6 Rg5+ 47. Kh8 Rg6 48. h7 f5 49. Rg8 Rf6 50. Kg7 Rf7+ 51. Kg6 Rxh7 52. Kxh7 1-0

[Event "Early-Titled-Tuesday-Blitz-September-26-2023"]
[Site "Chess.com"]
[Date "2023.09.26"]
[Round "8"]
[White "Rainbow2014"]
[Black "sergeikim"]
[Result "1-0"]
[WhiteElo "2424"]
[BlackElo "2599"]
[TimeControl "180+1"]
[EndTime "9:28:02 PDT"]
[Termination "Rainbow2014 won by resignation"]

1. e4 e5 2. Nf3 Nc6 3. Bb5 a6 4. Ba4 Nf6 5. O-O b5 6. Bb3 Bc5 7. c3 d6 8. a4 Bb7 9. d4 Bb6 10.
Bg5 h6 11. Bxf6 Qxf6 12. Bd5 O-O 13. Na3 Rab8 14. axb5 axb5 15. Nxb5 exd4 16. Nbxd4 Nxd4 17. Nxd4 c6 18. Nxc6 Rbc8 19. Nb4 Rb8 20. Bxb7 Rxb7 21. Ra6 Bc5 22. Nd3 Qe7 23. b4 Bb6 24. Qf3 Rc8 25.
Nf4 Qe5 26. Nd5 Bd8 27. Qg4 Rcb8 28. Rfa1 Bf6 29. Ra8 g6 30. f4 Qe6 31. Qxe6 fxe6 32. Nxf6+ Kg7 33. Ng4 h5 34. Ne3 1-0

[Event "Early-Titled-Tuesday-Blitz-September-26-2023"]
[Site "Chess.com"]
[Date "2023.09.26"]
[Round "8"]
[White "AnaKuchava"]
[Black "Boundless_Strike"]
[Result "0-1"]
[WhiteElo "2269"]
[BlackElo "2602"]
[TimeControl "180+1"]
[EndTime "9:28:04 PDT"]
[Termination "Boundless_Strike won on time"]

1. d4 e5 2. dxe5 d6 3. exd6 Bxd6 4. Nf3 Nc6 5. e3 Bg4 6. Be2 Qe7 7. Nc3 O-O-O 8. Nd5 Qe4 9. c4 Nf6 10. O-O h5 11. Nxf6 gxf6 12. Qb3 Rhg8 13. Kh1 Ne5 14. Nxe5 Bxe2 15. f3 Qxe5 0-1

[Event "Early-Titled-Tuesday-Blitz-September-26-2023"]
[Site "Chess.com"]
[Date "2023.09.26"]
[Round "8"]
[White "twofoxniel"]
[Black "CalinGheorghiu"]
[Result "0-1"]
[WhiteElo "2658"]
[BlackElo "2406"]
[TimeControl "180+1"]
[EndTime "9:28:07 PDT"]
[Termination "CalinGheorghiu won by resignation"]

1. e4 c5 2. d4 cxd4 3. c3 Nf6 4. e5 Nd5 5. Nf3 d6 6. cxd4 Nc6 7. Bc4 e6 8. O-O Be7 9. Qe2 O-O 10. Rd1 Bd7 11. Bxd5 exd5 12. Nc3 dxe5 13. dxe5 Be6 14. Bf4 Qa5 15. Rd2 Rfd8 16. Rad1 Bb4 17. Rd3 Bxc3 18. bxc3 d4 19. Ng5 Bf5 20. e6 fxe6 21. Rg3 dxc3 22.
Re1 c2 23. Nxe6 Qxe1+ 24. Qxe1 Rd1 25. Rxg7+ Kh8 26. Kf1 Bd3+ 0-1

[Event "Early-Titled-Tuesday-Blitz-September-26-2023"]
[Site "Chess.com"]
[Date "2023.09.26"]
[Round "8"]
[White "djano"]
[Black "platy3"]
[Result "0-1"]
[WhiteElo "2660"]
[BlackElo "2870"]
[TimeControl "180+1"]
[EndTime "9:28:09 PDT"]
[Termination "platy3 won on time"]

1. d4 Nf6 2. Bf4 c5 3. d5 Qb6 4. Nc3 d6 5. e4 g6 6. Bb5+ Bd7 7.
a4 a6 8. Bxd7+ Nbxd7 9. Nge2 Bg7 10. Rb1 O-O 11. O-O Qa5 12. Bd2 Rfb8 13. f3 Qc7 14. Kh1 b5 15. axb5 axb5 16. b4 Ne5 17. bxc5 Qxc5 18.
Nc1 b4 19. Nb3 Qc4 20. Ne2 Ra2 21. Ned4 Rc8 22. Qe1 h5 23. Bxb4 h4 24. Bd2 h3 25.
gxh3 Nh5 26. f4 Nd7 27. Nc6 Bf6 28. c3 Kh7 29. Nbd4 Qd3 30. Rd1 Qxh3 31. Rf3 Qg4 32. h3 Qh4 33. Qxh4 Bxh4 34. Be3 Ng3+ 35. Rxg3 Bxg3 36.
Nxe7 Rxc3 37. Bg1 Bxf4 0-1

[Event "Early-Titled-Tuesday-Blitz-September-26-2023"]
[Site "Chess.com"]
[Date "2023.09.26"]
[Round "8"]
[White "Kostya0705"]
[Black "verrbaa"]
[Result "1-0"]
[WhiteElo "2594"]
[BlackElo "2421"]
[TimeControl "180+1"]
[EndTime "9:28:10 PDT"]
[Termination "Kostya0705 won on time"]

1. e4 e5 2. Nf3 Nc6 3. Bc4 Nf6 4. d4 exd4 5. e5 d5 6. Bb5 Ne4 7. Nxd4 Bd7 8. Bxc6 bxc6 9. O-O Be7 10. f3 Nc5 11. f4 Ne6 12. f5 Nxd4 13. Qxd4 Qb8 14.
e6 fxe6 15. Qxg7 Rf8 16. f6 Qb6+ 17. Kh1 Bd6 18. f7+ Kd8 19. Bf4 Qc5 20. b4 Qxb4 21.
Bg5+ Kc8 22. Nd2 Rb8 23. Bh6 Qc5 24. Qxh7 Kb7 25. Rab1+ Ka8 26. Rxb8+ Rxb8 27. f8=Q Bxf8 28. Bxf8 Qe3 29. Qxd7 Qxd2 30. Qxc6+ Rb7 31. Bc5 1-0